 Dungeon Crawl Stone Soup version 0.30-a0-743-gbfdf073431 (webtiles) character file.

Game seed: 13712895903200813829

88 BigDaddyOpFi the Chopper (level 4, 0/41 HPs)
             Began as a Hill Orc Monk on Feb 6, 2023.
             Splashed by a jelly's acid (7 damage)
             ... on level 2 of the Dungeon.
             The game lasted 00:02:03 (1677 turns).

BigDaddyOpFi the Chopper (Hill Orc Monk)            Turns: 1677, Time: 00:02:04

Health: 0/41       AC: -2    Str: 14 (15) XL:     4   Next: 53%
Magic:  4/4        EV:  6    Int:  9 (10) God:
Gold:   109        SH:  0    Dex: 13      Spells: 3/3 levels left

rFire   . . .      SeeInvis .    a - +0 hand axe
rCold   . . .      Faith    .    (no shield)
rNeg    . . .      Spirit   .    d - +0 chain mail
rPois   .          Reflect  .    (no helmet)
rElec   .          Harm     .    k - +0 cloak
rCorr   .          Rampage  .    c - +0 pair of gloves
Will    .....                    (no boots) Stlth
                                 (no amulet)
HPRegen 0.26/turn                (no ring)
MPRegen 0.09/turn                (no ring)

@: corroded
A: no striking features
a: no special abilities


You were on level 2 of the Dungeon.
You visited 1 branch of the dungeon, and saw 2 of its levels.

You collected 109 gold pieces.

Inventory:

Hand Weapons
 a - a +0 hand axe (weapon)
Armour
 c - a +0 pair of gloves (worn)
 d - a +0 chain mail (worn)
 k - a +0 cloak (worn)
Scrolls
 e - 2 scrolls of identify
 f - a scroll of brand weapon {unknown}
 h - a scroll of poison
 i - a scroll of noise {unknown}
Potions
 b - 2 potions of degeneration


   Skills:
 + Level 4.4 Fighting
 + Level 4.9 Axes
 + Level 2.9 Dodging
 + Level 2.4 Stealth


You had 3 spell levels left.
You didn't know any spells.
Your spell library was empty.

Dungeon Overview and Level Annotations

Branches:
Dungeon (2/15)

Altars:

Shops:
D:2 (


Message History

You kill the endoplasm!
You hit the fungus. You hit the endoplasm. The endoplasm freezes you.
You are frozen.
You hit the endoplasm.
You kill the endoplasm!
You hit the endoplasm. You hit the fungus. You hit the jelly.
Your hands burn!
The jelly is moderately wounded.
You hit the jelly.
Your hands burn!
You hit the fungus but do no damage. You hit the endoplasm but do no damage.
The endoplasm hits the fungus.
The endoplasm freezes you.
You are frozen.
The endoplasm hits the fungus.
The jelly hits you.
You are splashed with acid!
You are too injured to fight recklessly!
A nearby fungus withers and dies.
There is an open door here.
The jelly attacks as you move away! The jelly hits you but does no damage.
You feel much better. The jelly hits you but does no damage.
You hit the jelly.
Your hands burn!
The jelly is moderately wounded.
The jelly hits you. The acid corrodes you!
You are splashed with acid.
You hit the jelly but do no damage.
Your hands burn!
The jelly is moderately wounded.
The jelly barely misses you.
You hit the jelly but do no damage.
Your hands burn!
The jelly is moderately wounded.
The jelly barely misses you.
You hit the jelly but do no damage. The acid corrodes you!
Your hands burn!
The jelly is moderately wounded.
The jelly barely misses you.
You hit the jelly but do no damage. The acid corrodes you!
Your hands burn!
The jelly is moderately wounded.
The jelly hits you.
You are splashed with acid!
* * * LOW HITPOINT WARNING * * *
The jelly attacks as you move away! The jelly barely misses you.
The jelly attacks as you move away! The jelly hits you.
* * * LOW HITPOINT WARNING * * *
You are splashed with acid!
You die...

*#...* ##.....###.#
#.... ..#.**
#.......##.# #....
..#.* #.......##.#
###.#.# ,,,,*
#.).....##.####...#.#
,,***
#.......##..##......#
,,*
####....###.#.......#
,,* ##..'....#
#.#.#.....# ,,*
#.######## #)#.#.....#
,,* ##..)@JJ##
#...#####.# ,,*
########J###.>........
,,*
#.÷...J.J.##########..
,,*
#÷....J.J.##.#########
,,*
#.......P.##..........
***
#...P.....##<#########
#.÷...P..÷##.........'
#!P..÷....######.#.###
########### #.#.# #


You could see a jelly and 2 endoplasms.

Vanquished Creatures
  3 gnolls (D:2)
  An adder (D:2)
  2 worms (D:2)
  3 ball pythons (D:1)
  5 endoplasms (D:2)
  2 giant cockroaches (D:1)
  5 hobgoblins
  2 jackals (D:1)
  11 kobolds
  2 quokkas (D:1)
  2 bats
  A frilled lizard (D:1)
  2 goblins
  3 rats
44 creatures vanquished.

Vanquished Creatures (others)
  2 fungi (D:2)
  7 toadstools (D:2)
9 creatures vanquished.

Grand Total: 53 creatures vanquished

Notes
Turn   | Place    | Note
-------+----------+-------------------------------------------
     0 | D:1      | BigDaddyOpFi the Hill Orc Monk began the quest for the Orb.
     0 | D:1      | Reached XP level 1. HP: 19/19 MP: 1/1
   278 | D:1      | Reached XP level 2. HP: 26/27 MP: 2/2
  1000 | D:2      | Found Zatyen's Antique Weapon Boutique.
  1072 | D:2      | Reached XP level 3. HP: 33/33 MP: 3/3
  1235 | D:2      | Reached XP level 4. HP: 37/40 MP: 4/4
  1481 | D:2      | Found a faded altar of an unknown god.
  1677 | D:2      | Splashed by a jelly's acid

Illustrated notes

Levels and vault maps discovered:
D:1:      minmay_arrival_diagonal_passages, layout_loops_corners
D:2:      cheibrodos_fertilizer, layout_basic, basic_altar,
          shapermc_ecumenical_altar_acropolis, serial_shops, nicolae_shop_stone

Skill      XL: |  1  2 |
---------------+-------+-----
Fighting       | 4 |  4.4
Stealth        | 2 |  2.4
Axes           | |  4.9
Dodging        | |  2.9

Action                     |  1- 3 |  4- 6 || total
---------------------------+-------+-------++-------
  Melee: Hand axe          |   126 |    57 ||   183
         Punch             |     1 |     2 ||     3
    Use: Scroll            |     3 |       ||     3
         Potion            |     4 |     1 ||     5
   Stab: Sleeping          |     1 |       ||     1
 Armour: Chain mail        |    69 |    35 ||   104
         Robe              |     1 |       ||     1
  Dodge: Dodged            |    38 |    18 ||    56

Table legend: (Time is in decaauts)
 A = Elapsed time spent in this place.
 B = Non-inter-level travel time spent in this place.
 C = Inter-level travel time spent in this place.
 D = Time resting spent in this place.
 E = Time spent auto-exploring this place.
 F = Levels seen in this place.
 G = Mean time per level.
                   A        B        C        D        E       F      G
               +--------+--------+--------+--------+--------+-----+--------+
         Total |   1691 |   1659 |     32 |      0 |   1285 |   2 |  845.5 |
       Dungeon |   1691 |   1659 |     32 |      0 |   1285 |   2 |  845.5 |
               +--------+--------+--------+--------+--------+-----+--------+

Top non-repeatable levels by time:
     D:1: 976 daAuts
     D:2: 715 daAuts
